 Dungeon Crawl Stone Soup version 0.18-a0-1078-gebb93d0 (webtiles) character file.

77 ater218 the Changer (level 4, -13/32 HPs)
             Began as a Merfolk Transmuter on Jan 14, 2016.
             Killed from afar by Jessica (19 damage)
             ... with a wand of flame
             ... on level 2 of the Dungeon.
             The game lasted 00:05:08 (1602 turns).

ater218 the Changer (Merfolk Transmuter)            Turns: 1602, Time: 00:05:09

Health: -13/32     AC:  2    Str: 10    XL:     4   Next: 33%
Magic:  8/8        EV: 14    Int: 13    God:
Gold:   44         SH:  0    Dex: 14    Spells: 1 memorised, 7 levels left

rFire  x . .     SeeInvis .       - Unarmed
rCold  + . .     Gourm    .     b - +0 robe
rNeg   . . .     Faith    .     (no shield)
rPois  .         Spirit   .     (no helmet)
rElec  .         Dismiss  .     (no cloak)
rCorr  .         Reflect  .     (no gloves)
SustAt .         Harm     .     (no boots)
MR     .....                    (no amulet)
Stlth  +.........               (no ring)
                                j - ring of ice

@: appendage (expiring), not resistant to hostile enchantments, very unstealthy
A: change form in water, swift swim, horns 2
a: End Transformation


You were on level 2 of the Dungeon.
You were not hungry.
You had grown temporary horns.
You visited 1 branch of the dungeon, and saw 2 of its levels.

You collected 44 gold pieces.

Inventory:

Missiles
 a - 12 arrows
 i - 18 poisoned arrows
Armour
 b - a +0 robe (worn)
Jewellery
 j - a ring of ice (left hand)
Scrolls
 e - a scroll of recharging
 g - a scroll of identify
 h - 2 scrolls of remove curse
 k - a scroll of fog
Potions
 f - a potion of might {unknown}
Books
 c - a book of Changes

   Spells                             Type                      Level
   a - Beastly Appendage              Transmutation                1
   b - Sticks to Snakes               Transmutation                2
   c - Spider Form                    Transmutation/Poison         3
   d - Ice Form                       Ice/Transmutation            4
   e - Blade Hands                    Transmutation                5
Comestibles
 d - a bread ration


   Skills:
 - Level 1.1 Fighting
 + Level 3.8 Dodging
 + Level 3.3 Unarmed Combat
 * Level 2.7 Spellcasting
 * Level 4.2 Transmutations


You had 7 spell levels left.
You knew the following spells:

 Your Spells              Type           Power        Failure   Level  Hunger
a - Beastly Appendage     Trmt           ##....       6%          1    #......


Dungeon Overview and Level Annotations

Branches:
Dungeon (2/15)

Altars:

Annotations:
D:2 Jessica


Innate Abilities, Weirdness & Mutations

You revert to your normal form in water.
You are very nimble and swift while swimming.
You have a pair of horns on your head.


Message History

The kobold is moderately wounded.
Your transformation is almost over.
Jessica shouts!
You hit the kobold.
The kobold is severely wounded.
The kobold barely misses you.
Jessica zaps a wand.
The puff of flame hits you! The fire burns you terribly!
It is a wand of flame.
You hit the kobold.
You kill the kobold!
Jessica casts a spell.
Jessica seems to speed up.
Jessica gestures wildly while chanting.
Jessica blinks!
Found 13 gold pieces.
You see here a fuming purple potion.
Jessica zaps a wand.
The puff of flame hits you! The fire burns you terribly!
* * * LOW HITPOINT WARNING * * *
Jessica zaps a wand.
The puff of flame hits you! The fire burns you terribly!
Ouch! That really hurt!
You die...

# ## ..# .# .#..### .#
....... .## #. ....@. .>#
#.####....## #.###
#.#.......)## #...##
###..@........# .##..#
#..........>... . ##.####
##.##...!.......
#.##....###...............
#.....#.#.....#..(........
#.........#.###...........
#.....##.#..# ##.(.......#
##....##...## #...........
#....##)..####...........


You could see Jessica.

Vanquished Creatures
  A giant frog zombie (D:1)
  2 adders (D:2)
  3 giant cockroaches (D:1)
  4 goblins
  A hobgoblin (D:2)
  2 jackals (D:2)
  4 kobolds
  A ball python (D:1)
  6 bats (D:1)
  3 giant newts (D:1)
  4 rats
31 creatures vanquished.

Notes
Turn   | Place    | Note
--------------------------------------------------------------
     0 | D:1      | ater218 the Merfolk Transmuter began the quest for the Orb.
     0 | D:1      | Reached XP level 1. HP: 15/15 MP: 3/3
   205 | D:1      | Reached XP level 2. HP: 12/21 MP: 3/5
   779 | D:1      | Reached skill level 4 in Transmutations
   779 | D:1      | Reached XP level 3. HP: 21/26 MP: 4/6
  1187 | D:2      | Reached XP level 4. HP: 20/32 MP: 6/8
  1596 | D:2      | Noticed Jessica
  1602 | D:2      | Killed from afar by Jessica

Vault maps used:
D:1:      dpeg_arrival_refuge
D:2:      due_unseen_surprise, uniq_jessica, uniq_iyjb, uniq_sigmund,
          uniq_terence

Action                   |  1- 3 |  4- 6 || total
-------------------------+-------+-------++-------
Melee: Unarmed           |    89 |    14 ||   103
 Cast: Beastly Appendage |    19 |     4 ||    23
  Use: Scroll            |       |     4 ||     4
 Stab: Sleeping          |     1 |       ||     1
  Eat: Chunk             |     1 |     2 ||     3
